 Dungeon Crawl Stone Soup version 0.30.1-3-gfc49f6343a (webtiles) character file.

Game seed: 5401100206864034433

1422 spardeous the Conjurer (level 8, -10/85 HPs)
             Began as a Demigod Conjurer on Aug 3, 2023.
             Mangled by an orc warrior
             ... wielding a +0 long sword
              (15 damage)
             ... on level 6 of the Dungeon.
             The game lasted 00:04:45 (5460 turns).

spardeous the Conjurer (Demigod Conjurer)           Turns: 5460, Time: 00:04:45

Health: -10/85     AC:  3    Str:  8    XL:     8   Next: 20%
Magic:  11/21      EV: 11    Int: 28    God:
Gold:   241        SH:  0    Dex: 12    Spells: 12/19 levels left

rFire   . . .        h - +2 whip (elec)
rCold   . . .        (no shield)
rNeg    . . .        z - +0 leather armour
rPois   .            (no helmet)
rElec   .            (no cloak)
rCorr   .            (no gloves)
SInv    .            (no boots)
Will    .....        n - amulet of regeneration Stlth
                     (no ring)
HPRegen 1.14/turn    (no ring)
MPRegen 0.17/turn

%: no passive effects
@: berserking, attractive, very quick
A: high MP 1, forlorn, divine attributes
a: no special abilities


You were on level 6 of the Dungeon.
You visited 1 branch of the dungeon, and saw 6 of its levels.

You collected 241 gold pieces.

Inventory:

Hand Weapons
 h - a +2 whip of electrocution (weapon)
Missiles
 x - a throwing net
Armour
 a - a +0 robe
 i - a +0 tower shield
 y - a +0 kite shield
 z - a +0 leather armour (worn)
Jewellery
 f - an amulet of the acrobat
 n - an amulet of regeneration (around neck)
 C - a ring of positive energy
Wands
 o - a wand of roots (8)
 q - a wand of mindburst (18)
Scrolls
 d - 2 scrolls of brand weapon {unknown}
 e - 2 scrolls of identify {unknown}
 j - a scroll of summoning {unknown}
 k - 3 scrolls of teleportation {unknown}
 p - 2 scrolls of vulnerability {unknown}
 r - a scroll of enchant armour {unknown}
 s - 2 scrolls of noise {unknown}
 t - 2 scrolls of enchant weapon {unknown}
 u - 4 scrolls of immolation {unknown}
 v - 2 scrolls of fog {unknown}
 w - a scroll of magic mapping {unknown}
 A - a scroll of torment {unknown}
 D - a scroll of fear {unknown}
 F - a scroll of blinking {unknown}
Potions
 b - a potion of magic
 c - 3 potions of attraction
 g - 2 potions of berserk rage
 l - 5 potions of curing {unknown}
 m - a potion of haste {unknown}
 B - 2 potions of lignification {unknown}
 E - a potion of brilliance {unknown}


   Skills:
 - Level 1.7 Dodging
 - Level 1.7 Stealth
 + Level 6.4 Spellcasting
 + Level 7.7 Conjurations


You had 12 spell levels left.
You knew the following spells:

 Your Spells              Type           Power      Damage    Failure   Level
a - Magic Dart            Conj           100%       1d8       1%          1
b - Searing Ray           Conj           100%       2d8       1%          2
c - Iskenderun's Mystic   Conj/Tloc      30%        2d8       17%         4

Your spell library contained the following spells:

 Spells                   Type           Power      Damage    Failure   Level
 Dazzling Flash           Conj/Hex       60%        N/A       5%          3
 Fulminant Prism          Conj/Hex       15%        3d10      17%         4


Dungeon Overview and Level Annotations

Branches:
Dungeon (6/15)             Temple (0/1) D:5


Innate Abilities, Weirdness & Mutations

You have an increased reservoir of magic. (+10% MP)
You shall have no god before yourself.
Your divine heritage dramatically boosts your attributes as you level up.


Message History

The adder bites you. The orc warrior barely misses you.
The adder barely misses you.
You now have 12/21 mp.
The searing ray hits the orc warrior!
The orc warrior is heavily wounded.
The orc warrior hits you with a +0 long sword!
The orc barely misses you. The adder bites you but does no damage.
You take 12 damage, and have 27/57 hp.
MASSIVE DAMAGE!!
You now have 11/21 mp.
The searing ray misses the orc warrior.
The orc warrior hits you with a +0 long sword!
* * * LOW HITPOINT WARNING * * *
The orc hits you with a +0 mace.
* * * LOW HITPOINT WARNING * * *
The adder closely misses you.
You take 17 damage, and have 10/57 hp.
MASSIVE DAMAGE!!
You now have 10/21 mp.
Okay, then.
The adder attacks as you move away! The adder barely misses you.
The orc warrior attacks as you move away!
The orc warrior hits you with a +0 long sword.
* * * LOW HITPOINT WARNING * * *
The adder bites you.
* * * LOW HITPOINT WARNING * * *
You take 2 damage, and have 8/57 hp.
It was a potion of attraction.
You feel attractive to monsters. The orc warrior closely misses you.
The adder bites you but does no damage.
It was a potion of berserk rage.
A red film seems to cover your vision as you go berserk!
You feel yourself moving faster!
You feel mighty!
The orc warrior hits you with a +0 long sword!
* * * LOW HITPOINT WARNING * * *
The adder bites you.
* * * LOW HITPOINT WARNING * * *
You now have 4/85 hp.
You are too berserk!
You closely miss the orc warrior. Your punch misses the orc warrior.
The orc warrior is heavily wounded.
The adder bites you but does no damage.
The orc warrior hits you with a +0 long sword!
You die...

. .# ## .
.# ...
.###'###...
.)........
##.......
##..)...
...#...o.#
#....oS#
##...#@#
### ###


You could see an orc warrior, an adder and an orc.

Vanquished Creatures
  Pikel (D:4)
  Menkaure (D:4)
  A water moccasin (D:5)
  A sky beast (D:5)
  2 ogres (D:5)
  2 lemures (D:4)
  A scorpion (D:4)
  A howler monkey (D:5)
  4 hounds
  An orc priest (D:6)
  A sleepcap (D:6)
  2 iguanas
  Natasha (D:3)
  7 adders
  A white imp (D:6)
  An ufetubus (D:5)
  3 worms
  4 dart slugs
  4 orcs
  4 bats
  4 endoplasms
  5 giant cockroaches
  7 goblins
  14 hobgoblins
  5 kobolds
  5 quokkas
  3 ball pythons
  A frilled lizard (D:1)
  6 rats
93 creatures vanquished.

Notes
Turn   | Place    | Note
-------+----------+-------------------------------------------
     0 | D:1      | spardeous the Demigod Conjurer began the quest for the Orb.
     0 | D:1      | Reached XP level 1. HP: 14/14 MP: 5/5
   548 | D:1      | Reached XP level 2. HP: 20/20 MP: 4/7
  1209 | D:2      | Reached skill level 4 in Conjurations
  1368 | D:2      | Learned a level 2 spell: Searing Ray
  1665 | D:2      | Reached XP level 3. HP: 26/26 MP: 5/9
  2316 | D:3      | Reached XP level 4. HP: 33/33 MP: 4/11
  2839 | D:3      | Noticed Natasha
  2842 | D:3      | Killed Natasha
  3172 | D:4      | Noticed a lemure
  3172 | D:4      | Noticed a lemure
  3172 | D:4      | Noticed a lemure
  3244 | D:4      | Learned a level 4 spell: Iskenderun's Mystic Blast
  3301 | D:4      | Reached XP level 5. HP: 32/38 MP: 4/13
  3303 | D:4      | Noticed Menkaure
  3456 | D:4      | Killed Menkaure
  3457 | D:4      | Reached skill level 5 in Conjurations
  3606 | D:4      | Reached XP level 6. HP: 45/45 MP: 7/15
  4128 | D:4      | Noticed Pikel
  4139 | D:4      | Killed Pikel
  4140 | D:4      | Reached skill level 5 in Spellcasting
  4140 | D:4      | Reached skill level 6 in Conjurations
  4140 | D:4      | Reached XP level 7. HP: 15/50 MP: 2/18
  4476 | D:5      | Entered Level 5 of the Dungeon
  4493 | D:5      | Reached skill level 7 in Conjurations
  4998 | D:5      | Found a staircase to the Ecumenical Temple.
  5006 | D:5      | Reached XP level 8. HP: 48/57 MP: 12/20
  5459 | D:6      | HP: 4/85 [adder (3)]
  5460 | D:6      | Mangled by an orc warrior

Illustrated notes

Levels and vault maps discovered:
D:1:      nzn_arrival_settlement, layout_basic, hex_intersection
D:2:      layout_loops_cross, basic_altar
D:3:      layout_basic, uniq_natasha
D:4:      layout_rooms, minivault_26, uniq_pikel, uniq_menkaure
D:5:      layout_cave_pools, mainiacjoe_overflow_divided_tiny,
          minmay_temple_entry_large_hall, grunt_ministairs_6, hex_tiny
D:6:      layout_cave_pools, nicolae_sif_muna_little_library,
          nemelex_spade_bored_becter, biasface_ghost_orc_armoury,
          chequers_serial_rivers_marsh, corexii_checkpoint_b

Skill      XL: |  1  2  3  4  5  6  7 |
---------------+----------------------+-----
Spellcasting   | 2 3 4 5 6 |  6.4
Conjurations   | 4 5 6 7 |  7.7
Dodging        | |  1.7
Stealth        | |  1.7

Action                     |  1- 3 |  4- 6 |  7- 9 || total
---------------------------+-------+-------+-------++-------
  Melee: Whip              |       |       |     2 ||     2
   Cast: Magic Dart        |    89 |    75 |    37 ||   201
         Searing Ray       |     1 |    13 |    12 ||    26
    Use: Potion            |       |       |     2 ||     2
 Armour: Robe              |     3 |       |       ||     3
         Leather armour    |       |     3 |     7 ||    10
  Dodge: Dodged            |     6 |    15 |    14 ||    35
